 Dungeon Crawl Stone Soup version 0.23.2-30-g0e89c35649 (webtiles) character file.

Game seed: 8034564695629831923

46804 TrebMcFLY the Severer (level 14, -10/127 HPs)
             Began as a Minotaur Berserker on June 9, 2019.
             Was an Elder of Trog.
             Mangled by a sun demon (14 damage)
             ... on level 6 of the Lair of Beasts.
             The game lasted 00:59:42 (19832 turns).

TrebMcFLY the Severer (Minotaur Berserker)         Turns: 19832, Time: 00:59:43

Health: -10/127    AC: 28    Str: 26    XL:     14   Next: 6%
Magic:  19/19      EV:  9    Int:  4    God:    Trog [****..]
Gold:   1085       SH:  7    Dex: 14    Spells: 13/13 levels left

rFire    . . .     SeeInvis +   P - +5 morningstar
rCold    . . .     Gourm    .   C - +0 buckler
rNeg     + . .     Faith    .   E - +5 plate armour of the Fiend {Dex+3}
rPois    .         Spirit   .   (helmet restricted)
rElec    .         Reflect  .   Q - +2 cloak
rCorr    .         Harm     .   q - +1 pair of gloves
MR       +....                  d - +0 pair of boots
Stlth    ..........             N - amulet of magic regeneration
HPRegen  0.31/turn              F - ring of positive energy
MPRegen  0.41/turn              r - ring of see invisible

@: about to teleport, berserk cooldown, slowed, very slow
A: retaliatory headbutt, horns 2
a: Berserk, Trog's Hand, Brothers in Arms, Renounce Religion


You were on level 6 of the Lair of Beasts.
You worshipped Trog.
Trog was greatly pleased with you.
You were hungry.

You visited 2 branches of the dungeon, and saw 17 of its levels.
You also visited: Ice Cave.

You collected 1085 gold pieces.

Inventory:

Hand Weapons
 B - a +2 hand axe of chopping
 P - a +5 morningstar (weapon)
 V - a +2 hand axe of venom
Missiles
 R - 7 silver javelins (quivered)
Armour
 d - a +0 pair of boots (worn)
 q - a +1 pair of gloves (worn)
 C - a +0 buckler (worn)
 E - the +5 plate armour of the Fiend (worn) {Dex+3}
   (You found it on level 8 of the Dungeon)

   It affects your dexterity (+3).
 Q - a +2 cloak (worn)
Jewellery
 r - a ring of see invisible (right hand)
 F - a ring of positive energy (left hand)
 N - an amulet of magic regeneration (around neck)
 S - an uncursed ring of protection from fire
Wands
 g - a wand of paralysis (23)
 v - a wand of clouds (7)
 w - a wand of random effects (62)
 x - a wand of polymorph (18)
 J - a wand of iceblast (11)
 O - a wand of flame (47)
 T - a wand of acid (7)
Scrolls
 b - 11 scrolls of identify
 f - 4 scrolls of fog {unknown}
 h - 5 scrolls of remove curse
 i - 5 scrolls of random uselessness
 k - 2 scrolls of fear
 l - 2 scrolls of blinking
 o - 3 scrolls of magic mapping
 s - 4 scrolls of enchant armour
 y - 2 scrolls of enchant weapon
 z - a scroll of immolation
 A - 5 scrolls of teleportation
 D - 3 scrolls of noise {unknown}
 H - a scroll of holy word {unknown}
 I - 4 scrolls of amnesia {unknown}
Potions
 a - 2 potions of heal wounds
 e - 5 potions of brilliance
 j - 6 potions of lignification
 m - a potion of ambrosia
 n - 2 potions of might
 p - 3 potions of berserk rage {unknown}
 t - 7 potions of curing
 u - 2 potions of flight
 G - 3 potions of degeneration {unknown}
 K - a potion of invisibility {unknown}
 L - 3 potions of mutation {unknown}
 M - 2 potions of agility
 U - a potion of haste
Comestibles
 c - 26 rations
 W - 9 chunks of flesh


   Skills:
 + Level 12.5 Fighting
 * Level 16.9 Axes
 + Level 12.3 Armour
 - Level 2.1 Dodging
 + Level 11.1 Shields
 + Level 9.2 Evocations


You had 13 spell levels left.
You didn't know any spells.
Your spell library was empty.

Dungeon Overview and Level Annotations

Branches:
Dungeon (11/15)            Temple (0/1) D:7            Lair (6/6) D:9
 Shoals (0/4) Lair:2        Snake (0/4) Lair:4        Slime (0/5) Lair:5
    Orc (0/2) D:11

Altars:
Ashenzari
Cheibriados
Dithmenos
Elyvilon
Fedhas
Hepliaklqana
Kikubaaqudgha
Makhleb
Uskayaw
Vehumet
Wu Jian
Xom
Yredelemnul
Zin

Shops:
D:8 [

Annotations:
D:7 2 runed translucent doors, Frank's ghost, novice OpFi
D:8 exclusion: oklob plant
Lair:1 1 runed translucent door, HEYYEYAAE's ghost, journeyman DgGl
Lair:4 exclusion: oklob plant
Lair:5 exclusion: 3 oklob plants


Innate Abilities, Weirdness & Mutations

You reflexively headbutt those who attack you in melee.
You have a pair of horns on your head.


Message History

You impale the sun demon!! Your headbutt misses the sun demon.
The sun demon is heavily wounded.
The hell hound completely misses you. You furiously retaliate!
You headbutt the hell hound! The ice devil barely misses you.
You furiously retaliate!
You headbutt the ice devil! The sun demon hits you!
* * * LOW HITPOINT WARNING * * *
You are engulfed in flames!!
* * * LOW HITPOINT WARNING * * *
You feel a strong urge to attack something.
You are no longer berserk.
You are exhausted.
You feel yourself slow down. The sun demon completely misses you.
Things that are here:
a +0 dagger; a +0 robe; a human corpse
As you read the scroll of teleportation, it crumbles to dust.
You feel strangely unstable. The sun demon hits you!
* * * LOW HITPOINT WARNING * * *
You are engulfed in flames!
You die...

#### ≈≈≈≈≈
§≈≈≈≈#############
≈≈§.....#........#
.....4.h#..8.8...#
...3...h4...#.8..# ♣.
......4.#..#.8...# ♣.
........#3..8.#..# ♣
##############@.8.#...#
.............'...8.8..#
....8....8...#........#
.............#########+♣♣♣♣♣
#####''###### ♣♣♣.♣♣.♣♣
♣....♣ ♣♣♣.......♣♣ ♣...♣♣
♣♣♣....♣♣♣...♣♣ ♣♣♣..♣♣♣
♣♣..÷♣♣♣♣ ♣♣♣♣..
♣♣♣..♣♣♣♣♣...♣♣ ♣♣♣


You could see a sun demon and an orange demon.

Vanquished Creatures
  Rupert (Lair:4)
  Josephine (D:10)
  4 hydras
  Harold (D:7)
  2 two-headed ogres
  An unseen horror (D:10)
  A wizard (Lair:6)
  A necromancer (IceCv)
  A manticore (D:11)
  A merfolk siren (Lair:2)
  An ice statue (IceCv)
  Maurice (D:9)
  5 black mambas
  7 elephants
  A centaur zombie (D:10)
  A torpor snail (Lair:6)
  12 spiny frogs
  3 rime drakes
  7 komodo dragons
  9 ice devils
  2 polar bears (Lair:4)
  2 hornets
  5 hippogriffs
  15 blink frogs
  9 dream sheep (Lair:6)
  Eustachio (D:4)
  15 yaks
  6 wraiths
  3 basilisks
  3 hungry ghosts (D:11)
  Grum (D:7)
  Menkaure (D:7)
  4 nagas (Lair:4)
  3 wargs (D:9)
  2 hell hounds (Lair:6)
  13 water moccasins
  Duvessa (D:6)
  8 porcupines
  5 orc warriors
  A necrophage (D:10)
  A sky beast (D:11)
  A black bear (D:4)
  3 phantoms
  An ice beast (D:6)
  11 centaurs
  8 ogres
  20 wolves
  11 crocodiles
  Blork the orc (D:4)
  A big kobold (D:7)
  5 bullfrogs
  4 gnoll sergeants
  Dowan (D:6)
  A wyvern skeleton (D:6)
  3 scorpions (D:8)
  A troll zombie (D:11)
  4 killer bees (D:11)
  3 howler monkeys
  11 wights
  A draconian simulacrum (IceCv)
  2 bullfrog zombies
  3 crimson imps
  A quasit (D:7)
  8 hounds (D:7)
  13 orc wizards
  2 centaur skeletons
  4 gnoll shamans
  10 orc priests
  Crazy Yiuf (D:6)
  A bullfrog skeleton (D:7)
  Ijyb (D:3)
  3 iguanas
  A troll simulacrum (IceCv)
  7 worker ants
  3 ogre zombies (D:11)
  2 hound zombies (D:6)
  2 worker ant zombies
  50 gnolls
  A howler monkey skeleton (D:6)
  15 adders
  A naga simulacrum (IceCv)
  2 shadow imps
  3 oozes
  A worm (D:4)
  3 dart slugs
  5 leopard geckos
  36 orcs
  6 bats
  A giant cockroach (D:7)
  4 goblins
  7 hobgoblins
  24 jackals
  11 kobolds
  2 quokkas (D:7)
  2 ball pythons (D:1)
  6 frilled lizards
  3 goblin zombies (D:11)
  2 leopard gecko skeletons
  A leopard gecko zombie (D:6)
  An orc skeleton (D:11)
  11 orc zombies (D:11)
  2 quokka zombies
  A rat (D:3)
  2 fungi
520 creatures vanquished.

Vanquished Creatures (collateral kills)
  An ice dragon (Lair:4)
  A hydra (D:11)
  3 ice statues (IceCv)
  2 polar bears (Lair:4)
  2 ogre zombies (D:11)
  2 goblin zombies (D:11)
  An orc skeleton (D:11)
  An orc zombie (D:11)
13 creatures vanquished.

Vanquished Creatures (others)
  20 fungi
  10 plants
  14 toadstools (D:8)
44 creatures vanquished.

Grand Total: 577 creatures vanquished

Notes
Turn   | Place    | Note
-------+----------+-------------------------------------------
     0 | D:1      | TrebMcFLY the Minotaur Berserker began the quest for the
                  | Orb.
     0 | D:1      | Reached XP level 1. HP: 19/19 MP: 0/0
   205 | D:1      | Reached skill level 4 in Axes
   223 | D:1      | Reached XP level 2. HP: 16/27 MP: 1/1
   732 | D:2      | Found a shadowy altar of Dithmenos.
   754 | D:2      | Found a basalt altar of Yredelemnul.
   772 | D:2      | Reached XP level 3. HP: 23/33 MP: 2/2
  1016 | D:2      | Noticed a bullfrog
  1027 | D:2      | Killed a bullfrog
  1027 | D:2      | Reached skill level 5 in Axes
  1027 | D:2      | Reached XP level 4. HP: 41/41 MP: 3/3
  1257 | D:2      | Reached XP level 5. HP: 45/47 MP: 4/4
  1664 | D:3      | Found a snail-covered altar of Cheibriados.
  1674 | D:3      | Reached ** piety under Trog
  1689 | D:3      | Noticed Ijyb
  1711 | D:3      | Killed Ijyb
  1711 | D:3      | Reached skill level 6 in Axes
  1817 | D:3      | Reached skill level 5 in Fighting
  1832 | D:3      | Reached XP level 6. HP: 24/56 MP: 5/5
  2492 | D:4      | Reached skill level 1 in Evocations
  2591 | D:4      | Reached skill level 7 in Axes
  2733 | D:4      | Reached *** piety under Trog
  2808 | D:4      | Reached XP level 7. HP: 51/61 MP: 7/7
  2859 | D:4      | Noticed Eustachio
  2885 | D:4      | Reached skill level 5 in Armour
  2912 | D:4      | Killed Eustachio
  3136 | D:4      | Reached skill level 8 in Axes
  3389 | D:4      | Reached XP level 8. HP: 60/71 MP: 7/9
  3590 | D:4      | Reached skill level 1 in Shields
  3623 | D:4      | Reached **** piety under Trog
  3803 | D:4      | Noticed Blork the orc
  3812 | D:4      | Killed Blork the orc
  3850 | D:4      | Found an ornate altar of the Wu Jian Council.
  4135 | D:5      | Entered Level 5 of the Dungeon
  4209 | D:5      | Reached skill level 9 in Axes
  4599 | D:5      | Found an ancient bone altar of Kikubaaqudgha.
  4959 | D:6      | Noticed Duvessa
  4959 | D:6      | Noticed Dowan
  4968 | D:6      | Killed Duvessa
  4968 | D:6      | Reached XP level 9. HP: 79/79 MP: 10/10
  4971 | D:6      | Killed Dowan
  5154 | D:6      | Reached skill level 10 in Axes
  5177 | D:6      | Found a runed translucent door.
  5178 | D:6      | Noticed Crazy Yiuf
  5184 | D:6      | Killed Crazy Yiuf
  5766 | D:7      | Found a staircase to the Ecumenical Temple.
  5989 | D:7      | Reached ***** piety under Trog
  6050 | D:7      | Noticed Harold
  6052 | D:7      | Noticed Menkaure
  6066 | D:7      | Killed Harold
  6066 | D:7      | Reached skill level 11 in Axes
  6066 | D:7      | Reached skill level 5 in Shields
  6066 | D:7      | Killed Menkaure
  6066 | D:7      | Reached XP level 10. HP: 89/89 MP: 12/12
  6184 | D:7      | Reached skill level 5 in Evocations
  6634 | D:7      | Found a large runed translucent door.
  6634 | D:7      | Found a large runed translucent door.
  6852 | D:7      | Noticed Frank's ghost (novice OpFi)
  6886 | D:7      | Noticed Grum
  6893 | D:7      | Killed Grum
  7060 | D:7      | Found a hazy altar of Hepliaklqana.
  7218 | D:8      | Found a white marble altar of Elyvilon.
  7281 | D:8      | Noticed a two-headed ogre
  7287 | D:8      | Killed a two-headed ogre
  7287 | D:8      | Reached skill level 12 in Axes
  7410 | D:8      | Received a gift from Trog
  7421 | D:8      | Got a faintly humming plate armour
  7444 | D:8      | Identified the +5 plate armour of the Fiend {Dex+3} (You
                  | found it on level 8 of the Dungeon)
  7586 | D:8      | Found Geilirch's Armour Boutique.
  7635 | D:8      | Found a shattered altar of Ashenzari.
  7879 | D:8      | Found a blossoming altar of Fedhas.
  7893 | D:8      | Noticed an oklob plant
  8050 | D:9      | Noticed Maurice
  8086 | D:9      | Killed Maurice
  8086 | D:9      | Reached XP level 11. HP: 97/97 MP: 14/14
  8197 | D:9      | Found a staircase to the Lair.
  8230 | D:9      | Noticed a two-headed ogre
  8236 | D:9      | Killed a two-headed ogre
  8530 | D:9      | Found a glowing silver altar of Zin.
  8530 | D:9      | Found a faded altar of an unknown god.
  8535 | D:9      | Found a radiant altar of Vehumet.
  8537 | D:9      | Found a hide-covered altar of Uskayaw.
  8539 | D:9      | Found a faded altar of an unknown god.
  8714 | D:9      | Found a burning altar of Makhleb.
  8852 | D:10     | Entered Level 10 of the Dungeon
  8894 | D:10     | Found a glowing silver altar of Zin.
  8914 | D:10     | Reached skill level 13 in Axes
  9174 | D:10     | Noticed an unseen horror
  9191 | D:10     | Killed an unseen horror
  9191 | D:10     | Reached skill level 10 in Fighting
  9703 | D:10     | Noticed Josephine
  9731 | D:10     | Killed Josephine
  9941 | D:11     | Found a hazy altar of Hepliaklqana.
 10204 | D:11     | Received a gift from Trog
 10235 | D:11     | Found a staircase to the Orcish Mines.
 10338 | D:11     | Noticed a six-headed hydra
 10346 | D:11     | Killed a five-headed hydra
 10346 | D:11     | Reached skill level 10 in Armour
 10526 | D:11     | Reached skill level 14 in Axes
 10713 | D:11     | Reached XP level 12. HP: 92/107 MP: 16/16
 10835 | Lair:1   | Entered Level 1 of the Lair of Beasts
 11433 | Lair:1   | Found a runed translucent door.
 11433 | Lair:1   | Found a shimmering altar of Xom.
 11433 | Lair:1   | Noticed HEYYEYAAE's ghost (journeyman DgGl)
 12515 | Lair:2   | Found a staircase to the Shoals.
 13332 | Lair:3   | Reached skill level 15 in Axes
 13339 | Lair:3   | Received a gift from Trog
 14225 | Lair:4   | Found a staircase to the Snake Pit.
 14287 | Lair:4   | Found a frozen archway.
 14288 | Lair:4   | Noticed an ice dragon
 14316 | Lair:4   | Killed an ice dragon
 14322 | Lair:4   | Received a gift from Trog
 14350 | IceCv    | Entered an ice cave
 14899 | IceCv    | Reached XP level 13. HP: 10/116 MP: 18/18
 15956 | IceCv    | Got an ominously black robe
 16042 | Lair:4   | Identified the +1 robe of Nottiuca {rElec Str-2 Dex+4} (You
                  | found it in an ice cave)
 16306 | Lair:4   | Reached skill level 10 in Shields
 16397 | Lair:4   | Noticed Rupert
 16398 | Lair:4   | Paralysed by Rupert for 6 turns
 16412 | Lair:4   | HP: 6/174 [Rupert/+0 great sword of freezing (3)]
 16415 | Lair:4   | Killed Rupert
 17290 | Lair:5   | Found a staircase to the Slime Pits.
 17323 | Lair:5   | Reached skill level 16 in Axes
 18345 | Lair:6   | Entered Level 6 of the Lair of Beasts
 18488 | Lair:6   | Received a gift from Trog
 19609 | Lair:6   | Reached XP level 14. HP: 121/127 MP: 19/19
 19796 | Lair:6   | Found a burning altar of Makhleb.
 19832 | Lair:6   | HP: 4/127 [sun demon (7)]
 19832 | Lair:6   | Mangled by a sun demon

Skill      XL: |  1  2  3  4  5  6  7  8  9 10 11 12 13 |
---------------+----------------------------------------+-----
Axes           | 4 5 6 7 8 9 11 12 14 15 16 | 16.9
Fighting       | 4 5 6 7 8 9 10 11 12 | 12.5
Armour         | 3 4 5 6 7 8 10 11 12 | 12.3
Evocations     | 1 2 3 4 5 7 8 9 |  9.2
Shields        | 3 5 6 8 9 11 | 11.1
Dodging        | |  2.1

Action                   |  1- 3 |  4- 6 |  7- 9 | 10-12 | 13-15 || total
-------------------------+-------+-------+-------+-------+-------++-------
Melee: Hand axe          |    66 |   142 |   306 |   686 |    35 ||  1235
       Headbutt          |    10 |    34 |    56 |   182 |   116 ||   398
       Unarmed           |       |       |       |     4 |       ||     4
       Morningstar       |       |       |       |   155 |   379 ||   534
Invok: Berserk           |     1 |     1 |     7 |    13 |     9 ||    31
       Trog's Hand       |       |       |     2 |     5 |     3 ||    10
       Brothers in Arms  |       |       |       |     3 |     4 ||     7
  Use: Scroll            |       |       |     8 |     6 |     5 ||    19
       Potion            |       |       |       |     2 |       ||     2
  Eat: Chunk             |       |     8 |    17 |    31 |    16 ||    72
       Ration            |       |       |       |     5 |     3 ||     8
Armor: Animal skin       |    11 |       |       |       |       ||    11
       Scale mail        |    11 |    62 |    67 |       |       ||   140
       Chain mail        |       |    15 |       |       |       ||    15
       Plate armour      |       |       |    96 |   436 |   315 ||   847
       Skin              |       |       |       |    13 |       ||    13
Dodge: Dodged            |    42 |    73 |   148 |   245 |   189 ||   697
Block: Buckler           |       |       |       |   173 |   162 ||   335
